 Dungeon Sprint DCSS version 0.17-a0-2127-g1cb09f6 (webtiles) character file.

186730 Kidiri the Imperceptible (level 16, -12/83 (86) HPs)
             Began as a Spriggan Enchanter on Oct 23, 2015.
             Was the Champion of Dithmenos.
             Splashed with acid (15 damage)
             ... in the Dungeon (Sprint III: "The Ten Rune Challenge").
             The game lasted 01:32:46 (17949 turns).

Kidiri the Imperceptible (Spriggan Enchanter)      Turns: 17949, Time: 01:32:46

HP:   -12/83 (86)   AC: 10    Str:  5    XL:     16   Next: 35%
MP:   46/46         EV: 44    Int: 26    God:    Dithmenos [******]
Gold: 2525          SH: 13    Dex: 32    Spells: 14 memorised, 0 levels left

rFire  . . .     SeeInvis +     x - +5 captain's cutlass {speed, disarm}
rCold  + . .     Clarity  +     V - +0 robe of Nihilism {rN+ MR+ Int+2 Dex+3}
rNeg   + + +     SustAt   .     E - +2 buckler {rN+}
rPois  .         Gourm    .     S - +3 hat of Pondering {ponderous, MR+ MP+10 Int+5}
rElec  .         Spirit   .     D - +1 cloak {+Inv}
rCorr  .         Warding  +     (gloves unavailable)
rMut   .         NoTele   +     (boots unavailable)
MR     +++++                    n - amulet of Megalomania {Ward rN+ Str+3}
Stlth  ++++++++++               B - ring of Xellanna {Ice +Blink Str-2 Dex+8}
                                K - ring of flight

@: wreathed by umbra, studying Stealth, repel missiles, very quick, almost
entirely resistant to hostile enchantments, uncannily stealthy
A: unfitting armour, thin metallic scales 1, see invisible, clarity, fire
resistance 1, herbivore 3, speed 3, low mp 1, magic resistance 1, slow
metabolism 2
a: Shadow Step, Shadow Form, Renounce Religion, Evoke Blink, Evoke Invisibility,
Evoke Flight
}: 4/10 runes: decaying, barnacled, silver, golden


You were in the Dungeon.
You worshipped Dithmenos.
Dithmenos was exalted by your worship.
You were not hungry.

You visited 1 branch You collected 4290 gold pieces.
You spent 1765 gold pieces at shops.

Inventory:

Hand Weapons
 x - the +5 captain's cutlass (weapon) {speed, disarm}
   (You acquired it in the Dungeon)

   Attacks with this weapon are significantly faster.
Missiles
 c - 15 throwing nets (quivered)
Armour
 D - a +1 cloak of invisibility (worn)
 E - a +2 buckler of positive energy (worn)
 S - the +3 hat of Pondering (worn) {ponderous, MR+ MP+10 Int+5}
   (You took it off Gastronok in the Dungeon)

   It affects your intelligence (+5).
   It affects your resistance to hostile enchantments.
   It affects your magic capacity (+10).
 V - the +0 robe of Nihilism (worn) {rN+ MR+ Int+2 Dex+3}
   (You found it in the Dungeon)

   It affects your intelligence (+2).
   It affects your dexterity (+3).
   It protects you from negative energy.
   It affects your resistance to hostile enchantments.
Jewellery
 a - the ring of Jowo Bow {rElec Int+3 Stlth-}
   (You bought it in a shop in the Dungeon)

   [ring of loudness]

   It affects your intelligence (+3).
   It insulates you from electricity.
   It makes you less stealthy.
 m - the amulet "Tojaan" {rCorr rF+}
   (You took it off a deep elf master archer in the Dungeon)

   [amulet of resist corrosion]

   It protects you from acid and corrosion.
   It protects you from fire.
 n - the amulet of Megalomania (around neck) {Ward rN+ Str+3}
   (You took it off a deep elf demonologist in the Dungeon)

   [amulet of warding]

   It may prevent the melee attacks of summoned creatures.
   It affects your strength (+3).
   It protects you from negative energy.
 B - the ring of Xellanna (right hand) {Ice +Blink Str-2 Dex+8}
   (You took it off a deep elf high priest in the Dungeon)

   [ring of ice]

   It enhances your ice magic, and weakens your fire magic.
   It affects your strength (-2).
   It affects your dexterity (+8).
   It makes you vulnerable to fire.
   It protects you from cold.
   It lets you blink.
 K - a ring of flight (left hand)
 M - the ring of the Firefly {rC+ MP+9 Dex+6}
   (You found it in the Dungeon)

   [ring of magical power]

   It affects your dexterity (+6).
   It protects you from cold.
   It affects your magic capacity (+9).
Wands
 q - a wand of confusion (22)
 w - a wand of hasting (5)
 C - a wand of polymorph (9)
 F - a wand of disintegration (12)
 G - a wand of hasting (5)
 N - a wand of teleportation (4)
Scrolls
 f - 2 scrolls of silence
 j - a scroll of blinking
 l - a scroll of fear
 p - 3 scrolls of torment
 r - a scroll of remove curse
 z - 5 scrolls of identify
 L - 3 scrolls of amnesia
Potions
 b - a potion of heal wounds
 e - 2 potions of curing
 g - a potion of haste
 h - a potion of magic
 i - 2 potions of berserk rage
 k - a potion of might
 t - a potion of agility
 u - 5 potions of flight
 v - a potion of cure mutation
 J - a potion of cancellation
 P - a potion of resistance
 Q - a potion of lignification
 R - a potion of invisibility
Books
 d - a manual of Stealth
 y - a book of Burglary

   Spells                             Type                      Level
   a - Swiftness                      Charms/Air                   2
   b - Passwall                       Transmutation/Earth          3
   c - Passage of Golubria            Translocation                4
   d - Lee's Rapid Deconstruction     Earth                        5
   e - Darkness                       Hexes                        6
   f - Invisibility                   Hexes                        6
Comestibles
 o - 24 royal jellies
 s - 7 fruits


   Skills:
 + Level 10.7 Fighting
 * Level 18.4 Short Blades
 + Level 9.8 Armour
 * Level 22.6 Dodging
 + Level 24.4 Stealth
 + Level 8.8 Shields
 * Level 19.9 Spellcasting
 + Level 9.6 Conjurations
 + Level 14.7 Hexes
 + Level 15.9 Charms
 + Level 7.3 Summonings
 + Level 8.7 Translocations
 + Level 10.4 Transmutations
 + Level 10.5 Ice Magic
 + Level 11.0 Air Magic
 + Level 10.4 Earth Magic
 + Level 11.7 Poison Magic
 - Level 2.2 Invocations


You couldn't memorise any spells.
You knew the following spells:

 Your Spells              Type           Power        Failure   Level  Hunger
a - Corona                Hex            #######      0%          1    None
b - Ensorcelled Hibernat  Hex/Ice        ######       0%          2    None
c - Confuse               Hex            #######.     0%          3    None
d - Tukima's Dance        Hex            #######.     0%          3    None
e - Dazzling Spray        Conj/Hex       ######..     1%          3    None
f - Repel Missiles        Chrm/Air       ######       0%          2    None
g - Mephitic Cloud        Conj/Pois/Air  ######..     1%          3    None
h - Venom Bolt            Conj/Pois      ######....   1%          5    None
i - Iron Shot             Conj/Erth      ######....   4%          6    ##.....
j - Orb of Destruction    Conj           ######....   28%         7    ####...
k - Spellforged Servitor  Conj/Summ      ######....   54%         7    ####...
l - Passwall              Trmt/Erth      ######....   1%          3    None
m - Passage of Golubria   Tloc           N/A          1%          4    None
n - Lee's Rapid Deconstr  Erth           ######....   1%          5    None


Dungeon Overview and Level Annotations

Branches:
Dungeon (1/1)

Altars:
Cheibriados
Dithmenos
Elyvilon
Fedhas
Gozag
Kikubaaqudgha
Makhleb
Nemelex Xobeh
Okawaru
Qazlal
Ru
Sif Muna
Trog
Vehumet
Xom
Yredelemnul
Zin
The Shining One
Beogh
Jiyva
Lugonu

Shops:
D (}!?:[%?=[:%*%!}(!*


Innate Abilities, Weirdness & Mutations

You are tiny and cannot use many weapons and most armour.
You have supernaturally acute eyesight.
You are a herbivore.
You cover ground extremely quickly.
You need consume almost no food.
You are partially covered in thin metallic scales (AC +2).
You possess an exceptional clarity of mind.
Your flesh is heat resistant.
Your magical capacity is low (-10% MP).
You are resistant to hostile enchantments.


Message History

Unknown command.
Casting: Dazzling Spray
Confirm with . or Enter, or press ? or * to list all spells.
Okay, then.
You open the door.
Found four items.
There is an open door to the Pits of Slime here.
The walls burn you!
Found a sparkling book.
An azure jelly, an acid blob, a giant eyeball and a shining eye come into view.
The walls burn you! The walls burn you!
An azure jelly, an acid blob, a giant eyeball and a shining eye come into view.
The azure jelly quivers.
The wall burns you!
You emit a cloud of dark smoke.
The shining eye turns its gaze towards you.
The walls burn you!
* * * LOW HITPOINT WARNING * * *
The walls burn you!
You die...

▓##.####'#######♣
▓...............♣♣
▓#.#############'♣
▓...#≈...........♣
▓...+≈≈...########♣
▓...#≈≈≈...........
▓...#≈≈≈≈..........
#'#############'###
##@###### #.♣♣
##.#§..### #♣.♣
##.§§....## ♣.♣♣
#.§§......# ♣♣.♣
#G.J.###...G ♣.♣♣
#G..##)##..G ♣.♣♣
##..#)φ?#..# ♣..♣
...##:##..J ♣♣.♣
#J...###...J ♣♣.


You could see an azure jelly.

Vanquished Creatures
  2 greater mummies (D)
  Frederick (D)
  A golden dragon (D)
  A lich (D)
  Rupert (D)
  A deep elf master archer (D)
  Frances (D)
  4 titans (D)
  2 sphinxes (D)
  Polyphemus (D)
  Gastronok (D)
  3 shadow dragons (D)
  Chuck (D)
  4 azure jellies (D)
  Ilsuiw (D)
  A fire giant (D)
  A frost giant (D)
  Maud (D)
  Wiglaf (D)
  2 deep elf annihilators (D)
  Azrael (D)
  2 dire elephants (D)
  2 deep elf demonologists (D)
  A merfolk javelineer (D)
  13 vault guards (D)
  A deep elf death mage (D)
  A fire dragon (D)
  3 yaktaur captains (D)
  6 mummy priests (D)
  A deep elf high priest (D)
  2 hydras (D)
  6 ice dragons (D)
  Erolcha (D)
  2 centaur warriors (D)
  An ogre mage (D)
  4 dancing weapons (D)
  4 death yaks (D)
  A soul eater (D)
  6 skeletal warriors (D)
  2 deep elf knights (D)
  A death drake (D)
  A sea snake (D)
  A spriggan druid (D)
  A deep elf summoner (D)
  A swamp dragon (shapeshifter) (D)
  An obsidian statue (D)
  An orc sorcerer (D)
  A lindwurm (D)
  A wolf spider (shapeshifter) (D)
  A deep elf conjurer (D)
  A mana viper (shapeshifter) (D)
  4 crystal guardians (D)
  6 ugly things (D)
  2 elephants (D)
  2 black mambas (D)
  An orange crystal statue (D)
  2 yaktaurs (D)
  2 spiny frogs (D)
  A fire drake (D)
  A komodo dragon (D)
  15 guardian mummies (D)
  A deep elf priest (D)
  3 wandering mushrooms (D)
  4 spriggan defenders (D)
  A queen bee (D)
  2 orc high priests (D)
  8 blink frogs (D)
  5 slime creatures (D)
  4 redbacks (D)
  A redback (shapeshifter) (D)
  A shadow (D)
  2 trapdoor spiders (D)
  2 spriggans (D)
  2 hill giants (D)
  A spatial vortex (D)
  A hydra simulacrum (D)
  A swamp drake (D)
  3 orc warriors (D)
  A necrophage (D)
  2 brain worms (D)
  3 two-headed ogres (D)
  A water elemental (D)
  32 killer bees (D)
  A jelly (D)
  5 orc priests (D)
  Jessica (D)
  5 orc wizards (D)
  A wizard (D)
  A necromancer (D)
  3 sheep (D)
  3 humans (D)
  A kobold demonologist (D)
  2 swamp drake simulacra (D)
  A giant eyeball (D)
  A phantom (D)
  5 orcs (D)
  A kobold (D)
  3 rats (D)
  A butterfly (D)
  2 crawling corpses (D)
  15 plants (D)
271 creatures vanquished.

Vanquished Creatures (collateral kills)
  3 vault guards (D)
  A skeletal warrior (D)
  A deep elf priest (D)
5 creatures vanquished.

Vanquished Creatures (others)
  2 draconian scorchers (D)
  A hydra (D)
  An ice dragon (D)
  3 dancing weapons (D)
  3 yaktaurs (D)
  A guardian mummy (D)
  An electric eel (D)
  A bush (D)
  6 plants (D)
19 creatures vanquished.

Grand Total: 295 creatures vanquished

Notes
Turn   | Place    | Note
--------------------------------------------------------------
     0 | D        | Kidiri the Spriggan Enchanter began the quest for the Orb.
     0 | D        | Reached XP level 1. HP: 9/9 MP: 5/5
    92 | D        | Killed a yaktaur
   141 | D        | Noticed Jessica
   145 | D        | Killed Jessica
   145 | D        | Reached skill level 1 in Fighting
   145 | D        | Reached skill level 5 in Stealth
   145 | D        | Reached XP level 2. HP: 12/14 MP: 6/8
   149 | D        | Learned a level 2 spell: Ensorcelled Hibernation
   182 | D        | Killed a white draconian scorcher
   219 | D        | Killed a white draconian scorcher
   264 | D        | Reached skill level 1 in Armour
   264 | D        | Reached skill level 5 in Dodging
   264 | D        | Reached skill level 6 in Stealth
   264 | D        | Reached XP level 3. HP: 10/18 MP: 5/9
   405 | D        | Learned a level 3 spell: Confuse
   409 | D        | Learned a level 3 spell: Dazzling Spray
   511 | D        | Gained mutation: You are clumsy. (Dex -2) [potion of mutation]
   511 | D        | Gained mutation: You have a pair of small horns on your head. [potion of mutation]
   511 | D        | Gained mutation: Potions and wands are less effective at restoring your health. [potion of mutation]
   512 | D        | Lost mutation: You have a pair of small horns on your head. [potion of cure mutation]
   512 | D        | Lost mutation: Potions and wands are less effective at restoring your health. [potion of cure mutation]
   512 | D        | Lost mutation: You are clumsy. (Dex -2) [potion of cure mutation]
   578 | D        | Gained mutation: You are partially covered in thin metallic scales (AC +2). [potion of mutation]
   578 | D        | Gained mutation: You are resistant to hostile enchantments. [potion of mutation]
   578 | D        | Gained mutation: Your flesh is heat resistant. [potion of mutation]
   579 | D        | Gained mutation: You possess an exceptional clarity of mind. [potion of mutation]
   579 | D        | Gained mutation: Your magical capacity is low (-10% MP). [potion of mutation]
   684 | D        | Noticed a water elemental
   686 | D        | Killed a water elemental
   686 | D        | Reached skill level 7 in Stealth
   686 | D        | Reached skill level 5 in Spellcasting
   686 | D        | Reached skill level 1 in Ice Magic
   686 | D        | Reached XP level 4. HP: 23/23 MP: 11/11
   691 | D        | Learned a level 3 spell: Tukima's Dance
   699 | D        | Noticed a jelly
   700 | D        | Noticed a shadow
   702 | D        | Killed a shadow
   702 | D        | Reached skill level 5 in Short Blades
   702 | D        | Reached skill level 8 in Stealth
   702 | D        | Reached skill level 1 in Conjurations
   702 | D        | Reached skill level 5 in Hexes
   702 | D        | Reached XP level 5. HP: 27/27 MP: 11/13
   706 | D        | Killed a jelly
   706 | D        | Reached skill level 9 in Stealth
   706 | D        | Reached XP level 6. HP: 32/32 MP: 12/15
   729 | D        | Found a stormy altar of Qazlal.
   730 | D        | Found a sacrificial altar of Ru.
   730 | D        | Found a burning altar of Makhleb.
   730 | D        | Found a viscous altar of Jiyva.
   730 | D        | Found a shimmering altar of Xom.
   730 | D        | Found a shadowy altar of Dithmenos.
   730 | D        | Found a sparkling altar of Nemelex Xobeh.
   730 | D        | Found a corrupted altar of Lugonu.
   730 | D        | Found an opulent altar of Gozag.
   730 | D        | Noticed a spatial vortex
   734 | D        | Became a worshipper of Dithmenos the Shadowed
   757 | D        | Killed a spatial vortex
   757 | D        | Reached skill level 1 in Invocations
   858 | D        | Found a radiant altar of Vehumet.
   859 | D        | Found a deep blue altar of Sif Muna.
   859 | D        | Found an ancient bone altar of Kikubaaqudgha.
   859 | D        | Noticed a wizard
   860 | D        | Killed a wizard
   899 | D        | Learned a level 2 spell: Repel Missiles
   903 | D        | Learned a level 3 spell: Mephitic Cloud
   921 | D        | Found a glowing silver altar of Zin.
   922 | D        | Found a glowing golden altar of the Shining One.
   922 | D        | Found a white marble altar of Elyvilon.
   922 | D        | Noticed a deep elf priest
   931 | D        | Killed a deep elf priest
   931 | D        | Reached * piety under Dithmenos
   931 | D        | Reached skill level 10 in Stealth
   931 | D        | Reached skill level 1 in Charms
   931 | D        | Reached skill level 1 in Poison Magic
   931 | D        | Reached XP level 7. HP: 30/36 MP: 1/17
  1045 | D        | Found an iron altar of Okawaru.
  1046 | D        | Found a bloodstained altar of Trog.
  1046 | D        | Noticed a human
  1046 | D        | Noticed a human
  1048 | D        | Killed a human
  1048 | D        | Reached skill level 1 in Air Magic
  1049 | D        | Killed a human
  1069 | D        | Learned a level 5 spell: Venom Bolt
  1074 | D        | Found a snail-covered altar of Cheibriados.
  1074 | D        | Noticed a necrophage
  1075 | D        | Noticed a necromancer
  1079 | D        | Killed a necromancer
  1079 | D        | Reached ** piety under Dithmenos
  1094 | D        | Killed a necrophage
  1094 | D        | Reached skill level 11 in Stealth
  1095 | D        | Found a basalt altar of Yredelemnul.
  1095 | D        | Found a blossoming altar of Fedhas.
  1294 | D        | Noticed a two-headed ogre
  1294 | D        | Noticed a two-headed ogre
  1298 | D        | Killed a two-headed ogre
  1298 | D        | Reached XP level 8. HP: 37/39 MP: 16/19
  1301 | D        | Killed a two-headed ogre
  1301 | D        | Reached skill level 10 in Dodging
  1313 | D        | Noticed a two-headed ogre
  1314 | D        | Killed a two-headed ogre
  1320 | D        | Noticed a hill giant
  1323 | D        | Killed a hill giant
  1323 | D        | Reached *** piety under Dithmenos
  1329 | D        | Noticed Erolcha
  1331 | D        | Noticed a hill giant
  1333 | D        | Killed Erolcha
  1333 | D        | Reached skill level 12 in Stealth
  1334 | D        | Killed a hill giant
  1334 | D        | Reached skill level 5 in Charms
  1334 | D        | Reached XP level 9. HP: 43/43 MP: 19/21
  1429 | D        | Noticed a redback
  1431 | D        | Noticed a trapdoor spider
  1436 | D        | Killed a trapdoor spider
  1463 | D        | Noticed a trapdoor spider
  1471 | D        | Killed a trapdoor spider
  1471 | D        | Reached **** piety under Dithmenos
  1478 | D        | Killed a redback
  1478 | D        | Reached skill level 10 in Spellcasting
  1659 | D        | Learned a level 6 spell: Iron Shot
  1665 | D        | Noticed a killer bee
  1665 | D        | Noticed a killer bee
  1665 | D        | Noticed a killer bee
  1666 | D        | Noticed a killer bee
  1666 | D        | Noticed a killer bee
  1666 | D        | Noticed a killer bee
  1666 | D        | Noticed a killer bee
  1666 | D        | Noticed a killer bee
  1666 | D        | Noticed a killer bee
  1666 | D        | Noticed a killer bee
  1666 | D        | Noticed a queen bee
  1666 | D        | Noticed a killer bee
  1666 | D        | Noticed a killer bee
  1666 | D        | Noticed a killer bee
  1666 | D        | Noticed a killer bee
  1666 | D        | Noticed a killer bee
  1666 | D        | Noticed a killer bee
  1666 | D        | Noticed a killer bee
  1666 | D        | Noticed a killer bee
  1666 | D        | Noticed a killer bee
  1666 | D        | Noticed a killer bee
  1666 | D        | Noticed a killer bee
  1666 | D        | Noticed a killer bee
  1666 | D        | Noticed a killer bee
  1666 | D        | Noticed a killer bee
  1666 | D        | Noticed a killer bee
  1666 | D        | Noticed a killer bee
  1666 | D        | Noticed a killer bee
  1666 | D        | Noticed a killer bee
  1666 | D        | Noticed a killer bee
  1666 | D        | Noticed a killer bee
  1666 | D        | Noticed a killer bee
  1666 | D        | Noticed a killer bee
  1667 | D        | Killed a killer bee
  1668 | D        | Killed a killer bee
  1673 | D        | Killed a killer bee
  1677 | D        | Killed a killer bee
  1679 | D        | Killed a killer bee
  1679 | D        | Reached skill level 13 in Stealth
  1682 | D        | Killed a killer bee
  1682 | D        | Reached ***** piety under Dithmenos
  1684 | D        | Killed a killer bee
  1686 | D        | Killed a killer bee
  1702 | D        | Killed a killer bee
  1838 | D        | Killed a killer bee
  1843 | D        | Killed a killer bee
  1848 | D        | Killed a killer bee
  1851 | D        | Killed a killer bee
  1854 | D        | Killed a killer bee
  2059 | D        | Killed a yaktaur
  2066 | D        | Killed a killer bee
  2069 | D        | Killed a killer bee
  2094 | D        | Killed a killer bee
  2096 | D        | Killed a killer bee
  2098 | D        | Killed a killer bee
  2098 | D        | Reached ****** piety under Dithmenos
  2100 | D        | Killed a queen bee
  2100 | D        | Reached skill level 5 in Fighting
  2100 | D        | Reached skill level 1 in Earth Magic
  2102 | D        | Killed a killer bee
  2105 | D        | Killed a killer bee
  2107 | D        | Killed a killer bee
  2109 | D        | Killed a killer bee
  2157 | D        | Killed a killer bee
  2359 | D        | Killed a killer bee
  2371 | D        | Killed a killer bee
  2371 | D        | Reached XP level 10. HP: 48/48 MP: 23/23
  2374 | D        | Killed a killer bee
  2377 | D        | Killed a killer bee
  2392 | D        | Killed a killer bee
  2395 | D        | Killed a killer bee
  2568 | D        | Killed a killer bee
  2570 | D        | Killed a killer bee
  2678 | D        | Noticed a wandering mushroom
  2679 | D        | Noticed a wandering mushroom
  2679 | D        | Noticed a wandering mushroom
  2680 | D        | Killed a wandering mushroom
  2680 | D        | Reached skill level 14 in Stealth
  2682 | D        | Killed a wandering mushroom
  2682 | D        | Reached skill level 10 in Short Blades
  2683 | D        | Killed a wandering mushroom
  2730 | D        | Noticed a spiny frog
  2730 | D        | Noticed a komodo dragon
  2730 | D        | Noticed a spiny frog
  2733 | D        | Killed a spiny frog
  2735 | D        | Killed a komodo dragon
  2736 | D        | Killed a spiny frog
  2736 | D        | Reached skill level 5 in Ice Magic
  2736 | D        | Reached skill level 5 in Poison Magic
  2841 | D        | Noticed a redback
  2843 | D        | Killed a redback
  2844 | D        | Noticed a brain worm
  2847 | D        | Killed a brain worm
  2853 | D        | Noticed a brain worm
  2855 | D        | Killed a brain worm
  2861 | D        | Noticed a lindwurm
  2863 | D        | Noticed a redback
  2864 | D        | Killed a lindwurm
  2866 | D        | Killed a redback
  2871 | D        | Noticed a redback
  2872 | D        | Killed a redback
  2873 | D        | Noticed Maud
  2876 | D        | Killed Maud
  2876 | D        | Reached skill level 5 in Armour
  2876 | D        | Reached skill level 15 in Stealth
  2876 | D        | Reached skill level 5 in Air Magic
  2876 | D        | Reached XP level 11. HP: 50/53 MP: 25/25
  2894 | D        | Noticed an electric eel
  2896 | D        | Noticed a seven-headed hydra
  2896 | D        | Noticed a five-headed hydra
  2898 | D        | Killed a seven-headed hydra
  2977 | D        | Killed a five-headed hydra
  3235 | D        | Killed an electric eel
  3253 | D        | Noticed a death drake
  3255 | D        | Killed a death drake
  3270 | D        | Found a blossoming altar of Fedhas.
  3270 | D        | Noticed a spriggan
  3270 | D        | Noticed a spriggan druid
  3270 | D        | Noticed a spriggan
  3272 | D        | Killed a spriggan druid
  3272 | D        | Reached skill level 5 in Conjurations
  3273 | D        | Killed a spriggan
  3274 | D        | Killed a spriggan
  3310 | D        | Noticed Polyphemus
  3311 | D        | Noticed a sea snake
  3311 | D        | Noticed Ilsuiw
  3311 | D        | Found Tygraihi's Book Emporium.
  3314 | D        | Killed Polyphemus
  3314 | D        | Reached skill level 16 in Stealth
  3317 | D        | Found Yckiret's Antique Armour Shop.
  3318 | D        | Killed a sea snake
  3423 | D        | Killed Ilsuiw
  3423 | D        | Reached skill level 15 in Dodging
  3534 | D        | Found Tocic's Food Shoppe.
  3534 | D        | Noticed a merfolk javelineer
  3536 | D        | Killed a merfolk javelineer
  3550 | D        | Got a barnacled rune of Zot
  3693 | D        | Noticed a swamp drake
  3693 | D        | Noticed a fire drake
  3694 | D        | Killed a fire drake
  3699 | D        | Killed a swamp drake
  3716 | D        | Learned a level 7 spell: Orb of Destruction
  3720 | D        | Noticed a blink frog
  3721 | D        | Noticed a blink frog
  3722 | D        | Noticed a blink frog
  3722 | D        | Noticed a blink frog
  3723 | D        | Killed a blink frog
  3724 | D        | Noticed a blink frog
  3730 | D        | Killed a blink frog
  3730 | D        | Reached skill level 10 in Hexes
  3808 | D        | Killed a yaktaur
  3814 | D        | Killed a blink frog
  3816 | D        | Killed a blink frog
  3820 | D        | Killed a blink frog
  3820 | D        | Reached XP level 12. HP: 59/59 MP: 11/27
  3902 | D        | Noticed Rupert
  3907 | D        | Killed Rupert
  3907 | D        | Reached skill level 17 in Stealth
  3929 | D        | Noticed a death yak
  3930 | D        | Noticed a death yak
  3930 | D        | Noticed a blink frog
  3931 | D        | Noticed an azure jelly
  3931 | D        | Noticed a death yak
  3931 | D        | Noticed an azure jelly
  3931 | D        | Noticed a blink frog
  3931 | D        | Noticed a death yak
  3932 | D        | Killed a death yak
  3932 | D        | Reached skill level 10 in Charms
  3932 | D        | Reached skill level 5 in Earth Magic
  3934 | D        | Noticed a blink frog
  3940 | D        | Killed a death yak
  3946 | D        | Killed a blink frog
  4131 | D        | Noticed a black mamba
  4133 | D        | Noticed a black mamba
  4138 | D        | Killed a black mamba
  4141 | D        | Killed a black mamba
  4154 | D        | Killed a death yak
  4157 | D        | Killed a death yak
  4161 | D        | Killed a blink frog
  4263 | D        | Killed a blink frog
  4462 | D        | Noticed an ice dragon
  4464 | D        | Killed an ice dragon
  4469 | D        | Noticed an ice dragon
  4469 | D        | Noticed an ice dragon
  4469 | D        | Noticed an ice dragon
  4469 | D        | Noticed an ice dragon
  4473 | D        | Killed an ice dragon
  4474 | D        | Noticed an ice dragon
  4476 | D        | Killed an ice dragon
  4476 | D        | Reached skill level 18 in Stealth
  4480 | D        | Noticed an ice dragon
  4684 | D        | Killed an ice dragon
  4720 | D        | Killed an ice dragon
  5011 | D        | Found Quxim's Antique Weapon Shoppe.
  5011 | D        | Found Goegheb's Gadget Boutique.
  5012 | D        | Killed an ice dragon
  5014 | D        | Found Guxtow's Distillery.
  5070 | D        | Killed an ice dragon
  5357 | D        | Noticed an eight-headed hydra
  5357 | D        | Noticed a four-headed hydra simulacrum
  5359 | D        | Killed an eight-headed hydra
  5393 | D        | Killed a four-headed hydra simulacrum
  5415 | D        | Got a decaying rune of Zot
  5694 | D        | Noticed an azure jelly
  5694 | D        | Noticed an azure jelly
  5695 | D        | Noticed an elephant
  5695 | D        | Noticed an elephant
  5695 | D        | Noticed a dire elephant
  5695 | D        | Noticed a dire elephant
  5695 | D        | Noticed Gastronok
  5697 | D        | Killed Gastronok
  5697 | D        | Reached XP level 13. HP: 63/65 MP: 29/29
  5698 | D        | Killed a dire elephant
  5698 | D        | Reached skill level 15 in Spellcasting
  5700 | D        | Killed a dire elephant
  5703 | D        | Killed an elephant
  5707 | D        | Killed an elephant
  5910 | D        | Learned a level 7 spell: Spellforged Servitor
  5940 | D        | Found Koytag's Magic Scroll Shop.
  5940 | D        | Noticed an orc warrior
  5940 | D        | Noticed an orc warrior
  5940 | D        | Noticed an orc wizard
  5940 | D        | Noticed an orc priest
  5942 | D        | Found a roughly hewn altar of Beogh.
  5942 | D        | Noticed an orc priest
  5942 | D        | Noticed an orc priest
  5942 | D        | Noticed an orc sorcerer
  5942 | D        | Noticed an orc warrior
  5942 | D        | Noticed an orc wizard
  5942 | D        | Noticed an orc wizard
  5942 | D        | Noticed an orc wizard
  5942 | D        | Noticed an orc wizard
  5945 | D        | Killed an orc priest
  5947 | D        | Killed an orc warrior
  5960 | D        | Killed an orc warrior
  5962 | D        | Killed an orc wizard
  5964 | D        | Killed an orc wizard
  5966 | D        | Killed an orc priest
  5966 | D        | Killed an orc warrior
  5966 | D        | Killed an orc priest
  5981 | D        | Killed an orc wizard
  6001 | D        | Killed an orc sorcerer
  6003 | D        | Killed an orc wizard
  6007 | D        | Killed an orc wizard
  6081 | D        | Bought a scroll of identify for 24 gold pieces
  6081 | D        | Bought a scroll of identify for 24 gold pieces
  6081 | D        | Bought a scroll of identify for 24 gold pieces
  6081 | D        | Bought a scroll of identify for 24 gold pieces
  6417 | D        | Bought a book of Burglary for 825 gold pieces
  6537 | D        | Noticed a deep elf summoner
  6537 | D        | Noticed a deep elf knight
  6537 | D        | Noticed a deep elf conjurer
  6537 | D        | Noticed a deep elf knight
  6537 | D        | Noticed a deep elf priest
  6543 | D        | Noticed a deep elf annihilator
  6545 | D        | Killed a deep elf knight
  6545 | D        | Reached skill level 1 in Summonings
  6548 | D        | Noticed a deep elf demonologist
  6562 | D        | Killed a deep elf priest
  6563 | D        | Killed a deep elf conjurer
  6563 | D        | Reached skill level 19 in Stealth
  6564 | D        | Killed a deep elf knight
  6567 | D        | Killed a deep elf summoner
  6718 | D        | Noticed a deep elf demonologist
  6720 | D        | Noticed a deep elf annihilator
  6720 | D        | Killed a deep elf annihilator
  6723 | D        | Noticed a deep elf death mage
  6723 | D        | Got an ebony trident {pierce}
  6752 | D        | Noticed a deep elf high priest
  6755 | D        | Killed a deep elf demonologist
  6763 | D        | Noticed a Hell Sentinel
  6763 | D        | Killed a deep elf demonologist
  6877 | D        | Noticed a deep elf master archer
  6880 | D        | Killed a deep elf high priest
  7004 | D        | Killed a deep elf death mage
  7008 | D        | Killed a ghostly deep elf death mage
  7154 | D        | Killed a deep elf annihilator
  7379 | D        | Killed a deep elf master archer
  7621 | D        | Bought an embroidered robe for 15 gold pieces
  7621 | D        | Bought a buckler for 99 gold pieces
  7621 | D        | Bought a ring mail for 88 gold pieces
  7795 | D        | Killed an azure jelly
  7866 | D        | Killed an azure jelly
  7866 | D        | Reached skill level 1 in Shields
  7868 | D        | Killed an azure jelly
  7868 | D        | Reached skill level 20 in Stealth
  7869 | D        | Killed an azure jelly
  7869 | D        | Reached XP level 14. HP: 74/74 MP: 31/31
  7896 | D        | Learned a level 3 spell: Passwall
  7930 | D        | Noticed Wiglaf
  7931 | D        | Noticed Frances
  7932 | D        | Killed Wiglaf
  7932 | D        | Reached skill level 15 in Short Blades
  7932 | D        | Reached skill level 1 in Transmutations
  7934 | D        | Killed Frances
  8067 | D        | Noticed an orc priest
  8067 | D        | Noticed an orc high priest
  8068 | D        | Noticed an orc priest
  8068 | D        | Noticed an orc high priest
  8069 | D        | Killed an orc high priest
  8070 | D        | Killed an orc priest
  8072 | D        | Killed an orc high priest
  8073 | D        | Killed an orc priest
  8227 | D        | Noticed a spriggan defender
  8228 | D        | Noticed a spriggan defender
  8228 | D        | Noticed a spriggan defender
  8228 | D        | Noticed a spriggan defender
  8229 | D        | Killed a spriggan defender
  8230 | D        | Killed a spriggan defender
  8232 | D        | Killed a spriggan defender
  8233 | D        | Killed a spriggan defender
  8622 | D        | Noticed a redback
  8624 | D        | Noticed a white ugly thing
  8624 | D        | Noticed a mana viper
  8625 | D        | Killed a redback
  8627 | D        | Killed a white ugly thing
  8629 | D        | Killed a mana viper
  8630 | D        | Noticed a slime creature
  8663 | D        | Killed a slime creature
  8679 | D        | Noticed a centaur warrior
  8683 | D        | Killed a centaur warrior
  8707 | D        | Noticed a fire dragon
  8712 | D        | Killed a fire dragon
  8728 | D        | Noticed a halberd of chopping
  8728 | D        | Noticed a vampiric trident
  8728 | D        | Noticed a halberd of venom
  8729 | D        | Noticed a trident of venom
  8732 | D        | Killed a trident of venom
  8733 | D        | Killed a vampiric trident
  8735 | D        | Killed a halberd of chopping
  8738 | D        | Killed a halberd of venom
  8801 | D        | Noticed an orange crystal statue
  8980 | D        | Killed an orange crystal statue
  9062 | D        | Found Kinesovu's Assorted Antiques.
  9062 | D        | Found Teitigu's Distillery.
  9062 | D        | Found Kiyd's Assorted Antiques.
  9062 | D        | Found Ulas's Food Boutique.
  9062 | D        | Found Bouggi Fyngi's Food Emporium.
  9062 | D        | Found Hairchonu's Distillery.
  9062 | D        | Found Qoff's Antique Weapon Emporium.
  9062 | D        | Found Busearchey's Gadget Boutique.
  9063 | D        | Found Jeig's Book Boutique.
  9063 | D        | Found Adiy's Antique Armour Shoppe.
  9063 | D        | Found Upeeg's Jewellery Shop.
  9063 | D        | Found Geesaup's Magic Scroll Emporium.
  9077 | D        | Bought a scroll of identify for 28 gold pieces
  9077 | D        | Bought a scroll of identify for 28 gold pieces
  9077 | D        | Bought a scroll of identify for 28 gold pieces
  9077 | D        | Bought a scroll of identify for 28 gold pieces
  9077 | D        | Bought a scroll of identify for 28 gold pieces
  9085 | D        | Bought the ring of Jowo Bow {rElec Int+3 Stlth-} for 333 gold pieces
  9092 | D        | Bought a potion of magic for 104 gold pieces
  9092 | D        | Bought a potion of heal wounds for 65 gold pieces
  9154 | D        | Got a warped lajatang
  9175 | D        | Noticed a yaktaur captain
  9176 | D        | Noticed a slime creature
  9178 | D        | Killed a slime creature
  9179 | D        | Noticed a slime creature
  9182 | D        | Killed a slime creature
  9240 | D        | Killed a yaktaur captain
  9280 | D        | Noticed Chuck
  9288 | D        | Killed Chuck
  9378 | D        | Noticed a slime creature
  9379 | D        | Noticed Frederick
  9380 | D        | Killed a slime creature
  9381 | D        | Noticed a purple ugly thing
  9385 | D        | Killed Frederick
  9385 | D        | Reached skill level 21 in Stealth
  9387 | D        | Killed a purple ugly thing
  9397 | D        | Noticed a slime creature
  9402 | D        | Killed a slime creature
  9411 | D        | Noticed a purple ugly thing
  9411 | D        | Noticed a lich
  9411 | D        | Noticed a swamp dragon
  9413 | D        | Killed a purple ugly thing
  9415 | D        | Killed a lich
  9415 | D        | Reached skill level 5 in Transmutations
  9418 | D        | Killed a swamp dragon
  9418 | D        | Reached skill level 5 in Shields
  9422 | D        | Noticed a purple ugly thing
  9423 | D        | Noticed a wolf spider
  9424 | D        | Noticed a shadow dragon
  9424 | D        | Noticed an ogre mage
  9424 | D        | Noticed a shadow dragon
  9424 | D        | Killed a purple ugly thing
  9426 | D        | Killed a shadow dragon
  9427 | D        | Killed an ogre mage
  9429 | D        | Killed a shadow dragon
  9429 | D        | Reached skill level 10 in Poison Magic
  9438 | D        | Killed a wolf spider
  9545 | D        | Noticed an obsidian statue
  9545 | D        | Noticed a green ugly thing
  9546 | D        | Noticed a brown ugly thing
  9547 | D        | Killed a green ugly thing
  9549 | D        | Killed a brown ugly thing
  9554 | D        | Killed an obsidian statue
  9784 | D        | Noticed a skeletal warrior
  9784 | D        | Noticed a skeletal warrior
  9784 | D        | Noticed a skeletal warrior
  9784 | D        | Noticed a skeletal warrior
  9787 | D        | Killed a skeletal warrior
  9788 | D        | Killed a skeletal warrior
  9790 | D        | Killed a skeletal warrior
  9790 | D        | Reached XP level 15. HP: 79/79 MP: 34/34
  9791 | D        | Killed a skeletal warrior
  9791 | D        | Reached skill level 5 in Summonings
  9801 | D        | Noticed an ancient lich
  9829 | D        | Identified the Tome of Aerial Battle Magic
  9910 | D        | Learned a level 4 spell: Passage of Golubria
 10331 | D        | Noticed a sphinx
 10331 | D        | Noticed a sphinx
 10333 | D        | Killed a sphinx
 10333 | D        | Reached skill level 1 in Translocations
 10334 | D        | Killed a sphinx
 10334 | D        | Reached skill level 22 in Stealth
 10377 | D        | Noticed a guardian mummy
 10377 | D        | Noticed a guardian mummy
 10377 | D        | Noticed a guardian mummy
 10378 | D        | Killed a guardian mummy
 10379 | D        | Noticed a mummy priest
 10380 | D        | Killed a guardian mummy
 10382 | D        | Killed a guardian mummy
 10383 | D        | Noticed a guardian mummy
 10383 | D        | Noticed a guardian mummy
 10383 | D        | Noticed a guardian mummy
 10384 | D        | Killed a mummy priest
 10406 | D        | Killed a guardian mummy
 10483 | D        | Noticed a mummy priest
 10483 | D        | Noticed a guardian mummy
 10484 | D        | Killed a guardian mummy
 10485 | D        | Killed a guardian mummy
 10675 | D        | Killed a guardian mummy
 10676 | D        | Killed a mummy priest
 10932 | D        | Noticed a guardian mummy
 10940 | D        | Killed a guardian mummy
 11457 | D        | Noticed a yaktaur captain
 11458 | D        | Noticed a yaktaur
 11459 | D        | Killed a yaktaur captain
 11462 | D        | Noticed a yaktaur captain
 11462 | D        | Noticed a yaktaur
 11472 | D        | Killed a yaktaur
 11502 | D        | Killed a yaktaur captain
 11509 | D        | Killed a yaktaur
 11523 | D        | Noticed Azrael
 11525 | D        | Killed Azrael
 11788 | D        | Got a scorched graven amulet
 11790 | D        | Got a slimy zirconium amulet
 11802 | D        | Got a shimmering steel ring
 11962 | D        | Identified the amulet "Tojaan" {rCorr rF+} (You took it off a deep elf master archer in the Dungeon)
 11964 | D        | Identified the amulet of Megalomania {Ward rN+ Str+3} (You took it off a deep elf demonologist in the Dungeon)
 11966 | D        | Identified the ring of the Firefly {rC+ MP+9 Dex+6} (You found it in the Dungeon)
 12045 | D        | Got a coiled lead ring
 12134 | D        | Identified the ring of Xellanna {Ice +Blink Str-2 Dex+8} (You took it off a deep elf high priest in the Dungeon)
 12364 | D        | Noticed a crystal guardian
 12364 | D        | Noticed a crystal guardian
 12364 | D        | Noticed a crystal guardian
 12364 | D        | Noticed a crystal guardian
 12365 | D        | Killed a crystal guardian
 12368 | D        | Killed a crystal guardian
 12371 | D        | Killed a crystal guardian
 12374 | D        | Killed a crystal guardian
 12492 | D        | Noticed a titan
 12492 | D        | Noticed a vault guard
 12492 | D        | Noticed a vault guard
 12492 | D        | Noticed a frost giant
 12492 | D        | Noticed a vault guard
 12492 | D        | Noticed a vault guard
 12492 | D        | Noticed a titan
 12492 | D        | Noticed a vault guard
 12492 | D        | Noticed a vault guard
 12492 | D        | Noticed a golden dragon
 12492 | D        | Noticed a vault guard
 12492 | D        | Noticed a vault guard
 12492 | D        | Noticed a fire giant
 12492 | D        | Noticed a vault guard
 12492 | D        | Noticed a vault guard
 12492 | D        | Noticed a titan
 12492 | D        | Noticed a vault guard
 12492 | D        | Noticed a titan
 12493 | D        | Noticed a skeletal warrior
 12493 | D        | Noticed a skeletal warrior
 12493 | D        | Noticed a vault guard
 12493 | D        | Noticed a vault guard
 12493 | D        | Noticed a vault guard
 12493 | D        | Noticed a shadow dragon
 12493 | D        | Noticed a vault guard
 12493 | D        | Noticed a vault guard
 12494 | D        | Noticed a centaur warrior
 12495 | D        | Killed a vault guard
 12557 | D        | Killed a vault guard
 12593 | D        | Killed a vault guard
 12593 | D        | Reached skill level 10 in Air Magic
 12602 | D        | Killed a titan
 12605 | D        | Killed a frost giant
 12624 | D        | Killed a vault guard
 12792 | D        | Killed a golden dragon
 12792 | D        | Reached skill level 10 in Fighting
 12792 | D        | Reached skill level 5 in Translocations
 12851 | D        | Killed a vault guard
 13007 | D        | Killed a vault guard
 13113 | D        | Killed a shadow dragon
 13118 | D        | Killed a titan
 13118 | D        | Reached skill level 23 in Stealth
 13282 | D        | Killed a vault guard
 13366 | D        | Killed a vault guard
 13366 | D        | Reached skill level 15 in Charms
 13369 | D        | Killed a fire giant
 13381 | D        | Killed a vault guard
 13381 | D        | Reached skill level 10 in Ice Magic
 13384 | D        | Killed a vault guard
 13384 | D        | Killed a vault guard
 13505 | D        | Killed a skeletal warrior
 13525 | D        | Killed a vault guard
 13565 | D        | Killed a titan
 13581 | D        | Killed a centaur warrior
 13587 | D        | Killed a vault guard
 13780 | D        | Killed a vault guard
 13787 | D        | Killed a vault guard
 13950 | D        | Killed a titan
 13950 | D        | Reached XP level 16. HP: 84/84 MP: 36/36
 14050 | D        | Killed a vault guard
 14050 | D        | Reached skill level 10 in Earth Magic
 14086 | D        | Killed a skeletal warrior
 14129 | D        | Got a silver rune of Zot
 14149 | D        | Identified the Guide on Sinister Changing
 15724 | D        | Noticed a guardian mummy
 15724 | D        | Noticed a guardian mummy
 15724 | D        | Noticed a mummy priest
 15724 | D        | Noticed a guardian mummy
 15724 | D        | Noticed a guardian mummy
 15724 | D        | Noticed a mummy priest
 15724 | D        | Noticed a greater mummy
 15724 | D        | Noticed a guardian mummy
 15724 | D        | Noticed a guardian mummy
 15724 | D        | Noticed a mummy priest
 15724 | D        | Noticed a greater mummy
 15724 | D        | Noticed a guardian mummy
 15724 | D        | Noticed a guardian mummy
 15724 | D        | Noticed a mummy priest
 15725 | D        | Killed a guardian mummy
 15727 | D        | Killed a guardian mummy
 15728 | D        | Killed a guardian mummy
 15729 | D        | Killed a guardian mummy
 15752 | D        | Killed a guardian mummy
 15915 | D        | Killed a mummy priest
 15924 | D        | Killed a guardian mummy
 15928 | D        | Killed a mummy priest
 16140 | D        | Learned a level 5 spell: Lee's Rapid Deconstruction
 16381 | D        | Killed a guardian mummy
 16384 | D        | Killed a mummy priest
 16514 | D        | Killed a greater mummy
 16514 | D        | Reached skill level 24 in Stealth
 16514 | D        | Reached skill level 10 in Transmutations
 16515 | D        | Killed a guardian mummy
 16722 | D        | Killed a mummy priest
 16812 | D        | Killed a greater mummy
 16936 | D        | Got a golden rune of Zot
 16946 | D        | Got a polished leather armour
 16954 | D        | Got a faintly glowing robe
 16965 | D        | Identified the cursed +0 robe of Nihilism {rN+ MR+ Int+2 Dex+3} (You found it in the Dungeon)
 17174 | D        | Got a bloodstained buckler
 17185 | D        | Identified the +1 buckler of the Carpenter {rN+} (You acquired it in the Dungeon)
 17633 | D        | Noticed a skeletal warrior
 17639 | D        | Killed a skeletal warrior
 17944 | D        | Noticed a shining eye
 17944 | D        | Noticed an azure jelly
 17944 | D        | Noticed an acid blob
 17946 | D        | Noticed a shining eye
 17946 | D        | Noticed an azure jelly
 17946 | D        | Noticed an acid blob
 17948 | D        | HP: 3/83 [acid (23)]
 17949 | D        | Splashed with acid

Vault maps used:
D:        dungeon_sprint_mu

Action                   |  1- 3 |  4- 6 |  7- 9 | 10-12 | 13-15 | 16-18 || total
-------------------------+-------+-------+-------+-------+-------+-------++-------
Melee: Dagger            |    20 |    21 |   100 |   272 |   496 |       ||   909
       Rapier            |       |       |       |       |   111 |       ||   111
       Cutlass           |       |       |       |       |    18 |    50 ||    68
 Cast: Corona            |     3 |     1 |       |       |       |       ||     4
       Ensorcelled Hiber |     1 |       |    45 |    17 |    24 |     1 ||    88
       Confuse           |     3 |     2 |     1 |     2 |    10 |       ||    18
       Dazzling Spray    |       |     7 |     5 |    45 |    81 |     9 ||   147
       Tukima's Dance    |       |     1 |     1 |     1 |    11 |     2 ||    16
       Mephitic Cloud    |       |       |       |     2 |     6 |       ||     8
       Venom Bolt        |       |       |       |       |    19 |       ||    19
       Repel Missiles    |       |       |       |       |     1 |       ||     1
       Iron Shot         |       |       |       |       |    32 |    37 ||    69
       Passage of Golubr |       |       |       |       |    16 |     3 ||    19
       Lee's Rapid Decon |       |       |       |       |       |     4 ||     4
Invok: Shadow Step       |       |       |     1 |    16 |    16 |       ||    33
 Abil: Evoke Flight      |       |       |       |       |     3 |     1 ||     4
  Use: Potion            |     4 |       |       |       |     4 |       ||     8
       Scroll            |     3 |       |       |       |    13 |    11 ||    27
 Stab: Sleeping          |     5 |     4 |    36 |    43 |    74 |     4 ||   166
       Confused          |     1 |       |       |     5 |     7 |       ||    13
       Invisible         |       |       |     1 |     7 |     3 |     1 ||    12
       Distracted        |       |       |     1 |       |     3 |     2 ||     6
  Eat: Royal jelly       |       |       |       |     1 |       |     2 ||     3
       Bread ration      |       |       |       |     1 |     1 |       ||     2
       Fruit             |       |       |       |       |     3 |     3 ||     6
